 Dungeon Crawl Stone Soup version 0.21.1-1-g345015f (webtiles) character file.

92 Mirai the Digger (level 4, -9/24 HPs)
             Began as a Gargoyle Earth Elementalist on Feb 24, 2018.
             Mangled by a gnoll
             ... wielding a +0 halberd
              (16 damage)
             ... on level 2 of the Dungeon.
             The game lasted 00:07:07 (1157 turns).

Mirai the Digger (Gargoyle Earth Elementalist)      Turns: 1157, Time: 00:07:08

Health: -9/24      AC:  6    Str: 12    XL:     4   Next: 60%
Magic:  1/8        EV: 12    Int: 16    God:
Gold:   77         SH:  0    Dex: 10    Spells: 5/9 levels left

rFire    . . .     SeeInvis .   a - staff of wizardry
rCold    . . .     Gourm    .   (no shield)
rNeg     + . .     Faith    .   j - +1 robe
rPois    ∞         Spirit   .   (no helmet)
rElec    +         Reflect  .   (no cloak)
rCorr    .         Harm     .   (no gloves)
MR       .....                  (no boots)
Stlth    ++........             (no amulet)
HPRegen  0.08/turn              (no ring)
MPRegen  0.11/turn              (no ring)

@: no status effects
A: negative energy resistance 1, electricity resistance, unbreathing,
petrification resistance, rot immunity, AC +3
a: no special abilities


You were on level 2 of the Dungeon.
You were not hungry.

You visited 1 branch of the dungeon, and saw 2 of its levels.

You collected 77 gold pieces.

Inventory:

Missiles
 b - 40 stones (quivered)
Armour
 j - a +1 robe (worn)
Magical Staves
 a - an uncursed staff of wizardry (weapon)
Scrolls
 g - a scroll of teleportation
 h - a scroll of fog {unknown}
Books
 e - a book of Geomancy

   Spells                             Type                      Level
   a - Sandblast                      Earth                        1
   b - Passwall                       Transmutation/Earth          2
   c - Stone Arrow                    Conjuration/Earth            3
   d - Petrify                        Transmutation/Earth          4
   e - Lee's Rapid Deconstruction     Earth                        5
Comestibles
 c - 3 chunks of flesh
 d - 6 rations


   Skills:
   Level 0.8 Maces & Flails
 - Level 1.5 Dodging
 - Level 2.1 Stealth
 + Level 3.0 Spellcasting
 * Level 1.2 Conjurations
   Level 0.7 Transmutations
 + Level 5.0 Earth Magic


You had 5 spell levels left.
You knew the following spells:

 Your Spells              Type           Power        Failure   Level  Hunger
a - Sandblast             Erth           ###...       1%          1    #......
b - Stone Arrow           Conj/Erth      ##....       6%          3    ###....


Dungeon Overview and Level Annotations

Branches:
Dungeon (2/15)

Altars:


Innate Abilities, Weirdness & Mutations

You are resistant to torment.
Your stone body is resilient. (AC +3)
You are immune to poison.
You resist negative energy. (rN+)
You are resistant to electric shocks. (rElec)
You can survive without breathing.
You are immune to petrification.
You are immune to rotting.


Message History

Confirm with . or Enter, or press ? or * to list all spells.
You don't have enough magic to cast that spell.
Unknown command.
Casting: Sandblast
Confirm with . or Enter, or press ? or * to list all spells.
Aiming: Sandblast
Press: ? - help, Shift-Dir - straight line, f - gnoll
Aim: a gnoll, wielding a halberd The blast of sand hits the gnoll.
The gnoll is severely wounded.
b - 40 stones The gnoll barely misses you.
Some of the chunks of flesh in your inventory have rotted away.
You aren't carrying any items that you can evoke.
The gnoll closely misses you.
The gnoll hits you from afar with a halberd!
* * * LOW HITPOINT WARNING * * *
The gnoll hits you from afar with a halberd!
Ouch! That really hurt!
You die...

#..........# #.###.#
###.. #..........#
#.....# #..
###..........#####..#####
#<.
........)....#..........#
#..
##....).....#..........#
#..
##........##..........#
#..
##........##..........#
###
#..........############
#.........@# #..........#
#.......g..# #..........#
##........## ##......##
########


You could see a gnoll.

Vanquished Creatures
  2 gnolls (D:2)
  2 adders (D:2)
  A worm (D:2)
  A dart slug (D:1)
  2 leopard geckos (D:2)
  5 bats
  A bat zombie (D:1)
  7 giant cockroaches
  3 goblins
  6 hobgoblins
  3 jackals (D:2)
  4 kobolds
  A ball python (D:2)
  4 frilled lizards
  A leopard gecko zombie (D:1)
  4 rats
47 creatures vanquished.

Notes
Turn   | Place    | Note
-------+----------+-------------------------------------------
     0 | D:1      | Mirai the Gargoyle Earth Elementalist began the quest for the Orb.
     0 | D:1      | Reached XP level 1. HP: 10/10 MP: 3/3
    94 | D:1      | Reached skill level 4 in Earth Magic
   104 | D:1      | Reached XP level 2. HP: 10/15 MP: 0/5
   487 | D:1      | Reached XP level 3. HP: 18/19 MP: 6/6
   793 | D:1      | Learned a level 3 spell: Stone Arrow
   936 | D:2      | Reached XP level 4. HP: 12/24 MP: 3/8
  1075 | D:2      | Reached skill level 1 in Conjurations
  1132 | D:2      | Reached skill level 5 in Earth Magic
  1157 | D:2      | Mangled by a gnoll

Skill      XL: |  1  2  3  4 |
---------------+-------------+-----
Earth Magic    | 4 5 |  5.0
Conjurations   | 1 |  1.2
Spellcasting   | 3 |  3.0
Maces & Flails | |  0.8
Dodging        | |  1.5
Stealth        | |  2.1
Transmutations | |  0.7

Action                   |  1- 3 |  4- 6 || total
-------------------------+-------+-------++-------
Melee: Mace              |    60 |       ||    60
       Staff             |       |     3 ||     3
 Cast: Sandblast         |    34 |    17 ||    51
  Use: Scroll            |     3 |       ||     3
  Eat: Chunk             |       |     1 ||     1
Armor: Robe              |    34 |     6 ||    40
Dodge: Dodged            |    72 |    12 ||    84
